 Dungeon Crawl Stone Soup version 0.30-a0-21-g5d08c37080 (webtiles) character file.

Game seed: 5220473623056170867

119 Plasmagod the Slasher (level 5, -4/38 HPs)
             Began as a Human Gladiator on Aug 24, 2022.
             Killed from afar by a steam dragon (15 damage)
             ... with a ball of steam
             ... on level 4 of the Dungeon.
             The game lasted 00:04:10 (2732 turns).

Plasmagod the Slasher (Human Gladiator)             Turns: 2732, Time: 00:04:10

Health: -4/38      AC: 15    Str: 14    XL:     5   Next: 23%
Magic:  5/5        EV:  4    Int:  8    God:
Gold:   196        SH:  0    Dex: 17    Spells: 4/4 levels left

rFire   . . .      SeeInvis .    a - +0 long sword
rCold   . . .      Faith    .    (no shield)
rNeg    . . .      Spirit   .    o - +2 plate armour {Will+}
rPois   +          Reflect  .    c - +0 helmet
rElec   .          Harm     .    r - +0 cloak
rCorr   .          Rampage  .    (no gloves)
Will    +....                    n - +0 pair of boots
Stlth   ..........               (no amulet)
HPRegen 0.12/turn                i - ring of poison resistance
MPRegen 0.09/turn                (no ring)

@: attractive, flying
A: no striking features
a: no special abilities


You were on level 4 of the Dungeon.
You visited 1 branch of the dungeon, and saw 4 of its levels.

You collected 196 gold pieces.

Inventory:

Hand Weapons
 a - a +0 long sword (weapon)
Missiles
 d - 3 throwing nets
 e - 7 javelins (quivered)
Armour
 c - a +0 helmet (worn)
 n - a +0 pair of boots (worn)
 o - a +2 plate armour of willpower (worn)
 r - a +0 cloak (worn)
Jewellery
 h - a ring of wizardry
 i - a ring of poison resistance (left hand)
Scrolls
 g - 3 scrolls of identify {unknown}
 m - a scroll of brand weapon {unknown}
 p - 3 scrolls of teleportation {unknown}
Potions
 b - 2 potions of heal wounds {unknown}
 f - a potion of brilliance {unknown}
 k - 2 potions of mutation {unknown}
 l - a potion of might {unknown}


   Skills:
 - Level 2.0 Fighting
 + Level 5.5 Long Blades
 - Level 2.0 Throwing
 - Level 3.0 Dodging


You had 4 spell levels left.
You didn't know any spells.
Your spell library contained the following spells:

 Spells                   Type           Power      Damage    Failure   Level
 Portal Projectile        Hex/Tloc       0%         N/A       100%        3
 Tukima's Dance           Hex            0%         N/A       100%        3
 Blade Hands              Tmut           0%         N/A       100%        5


Dungeon Overview and Level Annotations

Branches:
Dungeon (4/15)
 Temple: D:4-7

Altars:
Cheibriados
Trog


Message History

Found 18 gold pieces.
The steam dragon breathes steam at you. The ball of steam hits you!!
Ouch! That really hurt!
The steam dragon attacks as you move away!
The steam dragon bites you but does no damage.
The steam dragon claws you but does no damage.
The dart slug launches a dart at you.
The slug dart hits you but does no damage.
Okay, then.
The dart slug is engulfed in a cloud of scalding steam.
It was a potion of flight.
You feel very buoyant.
You fly up into the air.
The steam dragon breathes steam at you. The ball of steam misses you.
The dart slug is engulfed in a cloud of scalding steam.
The dart slug dies!
You hit the steam dragon.
The steam dragon is lightly wounded.
The steam dragon bites you but does no damage.
The steam dragon completely misses you.
You completely miss the steam dragon.
The steam dragon is lightly wounded.
The steam dragon bites you!
* * * LOW HITPOINT WARNING * * *
The steam dragon claws you but does no damage.
You hit the steam dragon.
The steam dragon is moderately wounded.
The steam dragon closely misses you.
The steam dragon claws you but does no damage.
You barely miss the steam dragon.
The steam dragon is moderately wounded.
The steam dragon bites you but does no damage.
The steam dragon claws you but does no damage.
It was a potion of attraction.
You feel attractive to monsters. The steam dragon breathes steam at you.
The ball of steam hits you!
You die...

##### # ...#
###.###.##################
......$BD@................
.$.[#.†.##################
........$....#
...#$..§§....# ##
#.........# #.........#
#.........# #.........#
#.........#


You could see a steam dragon (catching breath) and a giant cockroach.

Vanquished Creatures
  A hound (D:4)
  A gnoll (D:1)
  2 adders
  2 dart slugs
  5 ball pythons
  5 endoplasms
  3 giant cockroaches
  2 goblins
  6 hobgoblins
  2 quokkas
  5 bats
  3 frilled lizards
  11 kobolds
  8 rats
56 creatures vanquished.

Vanquished Creatures (others)
  A dart slug (D:4)
1 creature vanquished.

Grand Total: 57 creatures vanquished

Notes
Turn   | Place    | Note
-------+----------+-------------------------------------------
     0 | D:1      | Plasmagod the Human Gladiator began the quest for the Orb.
     0 | D:1      | Reached XP level 1. HP: 16/16 MP: 1/1
   319 | D:1      | Reached XP level 2. HP: 22/22 MP: 2/2
   352 | D:1      | Found a faded altar of an unknown god.
   678 | D:1      | Reached skill level 4 in Long Blades
   678 | D:1      | Reached XP level 3. HP: 19/27 MP: 3/3
  1517 | D:2      | Reached XP level 4. HP: 33/33 MP: 4/4
  2087 | D:3      | Reached skill level 5 in Long Blades
  2144 | D:3      | Found a bloodstained altar of Trog.
  2144 | D:3      | Found a snail-covered altar of Cheibriados.
  2508 | D:4      | Reached XP level 5. HP: 25/38 MP: 5/5
  2637 | D:4      | Identified the +0 chain mail "Saoshom" {Str+4 Int+3}
  2722 | D:4      | Noticed a steam dragon
  2732 | D:4      | Killed from afar by a steam dragon

Illustrated notes

Levels and vault maps discovered:
D:1:      lightli_arrival_windingriver, layout_loops_ring,
          hellmonk_ecumenical_altar_lost_god, nicolae_grassy_gnolls
D:2:      layout_loops_ring, minmay_surrounded
D:3:      layout_rooms, mainiacjoe_overflow_divided_tiny
D:4:      layout_basic

Skill      XL: |  1  2  3  4 |
---------------+-------------+-----
Long Blades    | 4 5 |  5.5
Fighting       | |  2.0
Throwing       | |  2.0
Dodging        | |  3.0

Action                   |  1- 3 |  4- 6 || total
-------------------------+-------+-------++-------
Melee: Long sword        |    94 |    77 ||   171
       Punch             |       |     1 ||     1
  Use: Potion            |       |     2 ||     2
 Stab: Sleeping          |     1 |       ||     1
Armor: Leather armour    |     7 |       ||     7
       Chain mail        |    33 |    20 ||    53
       Plate armour      |       |    42 ||    42
Dodge: Dodged            |    56 |    26 ||    82

Table legend: (Time is in decaauts)
 A = Elapsed time spent in this place.
 B = Non-inter-level travel time spent in this place.
 C = Inter-level travel time spent in this place.
 D = Time resting spent in this place.
 E = Time spent auto-exploring this place.
 F = Levels seen in this place.
 G = Mean time per level.
                   A        B        C        D        E       F      G
               +--------+--------+--------+--------+--------+-----+--------+
         Total |   2765 |   2693 |     72 |      0 |   2219 |   4 |  691.2 |
       Dungeon |   2765 |   2693 |     72 |      0 |   2219 |   4 |  691.2 |
               +--------+--------+--------+--------+--------+-----+--------+

Top non-repeatable levels by time:
     D:1: 1224 daAuts
     D:2: 724 daAuts
     D:3: 525 daAuts
     D:4: 291 daAuts
